[Event "ICC tourney 2564 (45 10)"]
[Site "Internet Chess Club"]
[Date "2021.05.15"]
[Round "1"]
[White "MARKOVIC, GORAN:Goran21"]
[Black "ZHU, RYAN:Ryan123455"]
[Result "1-0"]
[ICCResult "Black resigns"]
[WhiteElo "1995"]
[BlackElo "1657"]
[Opening "English opening"]
[ECO "A16"]
[NIC "EO.64"]
[Time "11:03:14"]
[PlyCount "55"]
[TimeControl "2700+10"]

1. c4 Nf6 2. Nc3 g6 3. g3 Bg7 4. Bg2 O-O 5. Nf3 d6 6. O-O c6 7. d3 Qa5 8.
e4 Nbd7 9. Rb1 Qc7 10. h3 a6 11. Nh4 b5 12. f4 Nb6 13. b3 Bd7 14. Ne2 a5
15. g4 a4 16. Ng3 axb3 17. axb3 bxc4 18. dxc4 c5 19. g5 Ne8 20. f5 gxf5 21.
exf5 Ra2 22. Qh5 Bc6 23. Bf4 Bxg2 24. Nxg2 Qc6 25. Rf3 Nd7 26. f6 exf6 27.
Nf5 Ne5 28. Ne7+ { Black resigns } 1-0

[Event "ICC tourney 2564 (45 10)"]
[Site "Internet Chess Club"]
[Date "2021.05.15"]
[Round "1"]
[White "DINESH, ABINAV:abi2009"]
[Black "XIAO, MICHAEL:michaelxiao"]
[Result "1-0"]
[ICCResult "Black checkmated"]
[WhiteElo "1660"]
[BlackElo "1297"]
[Opening "French: advance, Paulsen attack"]
[ECO "C02"]
[NIC "FR.03"]
[Time "11:03:11"]
[PlyCount "53"]
[TimeControl "2700+10"]

1. e4 e6 2. d4 d5 3. e5 c5 4. c3 Nc6 5. Nf3 Qb6 6. a3 c4 7. Be2 Be7 8. O-O
Bd7 9. Nbd2 Na5 10. Rb1 Nb3 11. Nxb3 cxb3 12. Be3 Bb5 13. Bxb5+ Qxb5 14.
Nd2 h5 15. Qxb3 Qc6 16. c4 dxc4 17. Nxc4 h4 18. h3 b6 19. Rbc1 Qb7 20. Rfd1
g5 21. d5 exd5 22. Nd6+ Bxd6 23. exd6 g4 24. Rc7 Qa6 25. Qxd5 gxh3 26.
Qxf7+ Kd8 27. Qf8# { Black checkmated } 1-0

[Event "ICC tourney 2564 (45 10)"]
[Site "Internet Chess Club"]
[Date "2021.05.15"]
[Round "1"]
[White "BANGARU, SAHARSH:Sahabangs"]
[Black "CHANDI, ISHNOOR SINGH:Ishnoor"]
[Result "0-1"]
[ICCResult "White resigns"]
[WhiteElo "1870"]
[BlackElo "1641"]
[Opening "French: Tarrasch, closed variation"]
[ECO "C05"]
[NIC "FR.16"]
[Time "11:03:16"]
[PlyCount "52"]
[TimeControl "2700+10"]

1. e4 e6 2. d4 d5 3. Nd2 Nf6 4. e5 Nfd7 5. Ngf3 c5 6. c3 Nc6 7. Be2 Be7 8.
O-O Qb6 9. Nb3 c4 10. Nbd2 O-O 11. Re1 f6 12. exf6 Nxf6 13. Ne5 Nxe5 14.
dxe5 Nd7 15. Nf3 Bc5 16. Rf1 Rf5 17. g4 Rf7 18. Qc2 Nf8 19. Bd1 Ng6 20. Re1
Nh4 21. Ng5 Bxf2+ 22. Kf1 Bxe1+ 23. Nxf7 Kxf7 24. Kxe1 Qg1+ 25. Ke2 Qxh2+
26. Ke3 Qxe5+ { White resigns } 0-1

[Event "ICC tourney 2564 (45 10)"]
[Site "Internet Chess Club"]
[Date "2021.05.15"]
[Round "1"]
[White "LIU, ETHAN:soggydollar"]
[Black "NGUYEN, THOMAS:tn285"]
[Result "1-0"]
[ICCResult "Black resigns"]
[WhiteElo "1800"]
[BlackElo "1581"]
[Opening "Ruy Lopez: closed, Chigorin, 12...c5d4"]
[ECO "C99"]
[NIC "RL.24"]
[Time "11:03:09"]
[PlyCount "87"]
[TimeControl "2700+10"]

1. e4 e5 2. Nf3 Nc6 3. Bb5 a6 4. Ba4 Nf6 5. O-O b5 6. Bb3 Be7 7. Re1 d6 8.
c3 O-O 9. h3 Na5 10. Bc2 c5 11. d4 Qc7 12. Nbd2 cxd4 13. cxd4 Nc6 14. a4 b4
15. Nb3 a5 16. Be3 Ba6 17. Rc1 Bd8 18. Bd3 Qb7 19. dxe5 Bxd3 20. exf6 Bxf6
21. Qxd3 Bxb2 22. Rc2 Bc3 23. Rec1 Qe7 24. Bd2 Ne5 25. Nxe5 dxe5 26. Bxc3
Rfd8 27. Qb5 bxc3 28. Rxc3 Rdb8 29. Qxb8+ Rxb8 30. Rc8+ Qf8 31. Rxf8+ Kxf8
32. Nxa5 Rb4 33. Rc4 Rb1+ 34. Kh2 Ke7 35. Nc6+ Kd6 36. Nb4 Rb2 37. f3 Rd2
38. a5 Rd4 39. Rxd4+ exd4 40. Kg3 Kc5 41. a6 Kb6 42. Kf2 d3 43. Ke3 d2 44.
Kxd2 { Black resigns } 1-0

[Event "ICC tourney 2564 (45 10)"]
[Site "Internet Chess Club"]
[Date "2021.05.15"]
[Round "1"]
[White "WU, WENTAO:Threehundreds"]
[Black "KERR, JOSHUA MORGAN:AbleCompany"]
[Result "1/2-1/2"]
[ICCResult "Game drawn by mutual agreement"]
[WhiteElo "1481"]
[BlackElo "1696"]
[Opening "French: Rubinstein variation"]
[ECO "C03"]
[NIC "FR.07"]
[Time "11:03:15"]
[PlyCount "93"]
[TimeControl "2700+10"]

1. e4 e6 2. d4 d5 3. Nd2 dxe4 4. Nxe4 Nd7 5. Bd3 Ngf6 6. Nxf6+ Nxf6 7. Bg5
c5 8. dxc5 Bxc5 9. Bb5+ Bd7 10. Bxd7+ Qxd7 11. Qxd7+ Nxd7 12. Nf3 O-O 13.
Rd1 Nb6 14. O-O f6 15. Bd2 Rac8 16. Bc3 Rfd8 17. g3 Na4 18. Bd4 Bxd4 19.
Rxd4 Rxd4 20. Nxd4 e5 21. Nb5 Nxb2 22. Na3 Nc4 23. Nxc4 Rxc4 24. Rc1 Kf7
25. Kf1 f5 26. Ke2 g5 27. c3 b5 28. Kd3 e4+ 29. Kd2 a5 30. Rb1 b4 31. cxb4
axb4 32. Rb3 Ke6 33. a3 bxa3 34. Rxa3 f4 35. gxf4 gxf4 36. Rh3 Rc7 37. Rh5
Kf6 38. h3 Kg6 39. Re5 Rc4 40. Rd5 Ra4 41. Ke2 Ra2+ 42. Kf1 f3 43. Ke1 Ra1+
44. Kd2 Rf1 45. Ke3 Re1+ 46. Kf4 e3 47. Kxf3 { Game drawn by mutual
agreement } 1/2-1/2

[Event "ICC tourney 2564 (45 10)"]
[Site "Internet Chess Club"]
[Date "2021.05.15"]
[Round "1"]
[White "XIAO, MARINA:marinaxiao"]
[Black "CHERUKURI, NITESH:Niteshc"]
[Result "0-1"]
[ICCResult "White resigns"]
[WhiteElo "1547"]
[BlackElo "1746"]
[Opening "Caro-Kann: Panov-Botvinnik attack"]
[ECO "B13"]
[NIC "CK.03"]
[Time "11:03:11"]
[PlyCount "96"]
[TimeControl "2700+10"]

1. e4 c6 2. d4 d5 3. exd5 cxd5 4. c4 Nf6 5. Nc3 Nc6 6. Nf3 Bg4 7. cxd5 Nxd5
8. Be2 e6 9. O-O Bd6 10. Nxd5 exd5 11. Re1 O-O 12. h3 Bh5 13. Kh1 Re8 14.
Be3 Qd7 15. Qd2 Bb4 16. Qd3 Bxe1 17. Rxe1 Bg6 18. Qd2 Re7 19. Bb5 a6 20.
Ne5 Qc7 21. Bxc6 bxc6 22. Rc1 Re6 23. Bf4 Qb7 24. Qc3 Rc8 25. Ng4 Re2 26.
Bd2 h5 27. Ne3 Rxf2 28. Kg1 Re2 29. Kf1 Qb5 30. a4 Qd3 31. Nxd5 Rxd2+ 32.
Qxd3 Bxd3+ 33. Ke1 Re2+ 34. Kd1 Rce8 35. Nf4 Re1+ 36. Kd2 Rxc1 37. Kxc1 Bf1
38. Kd2 g5 39. Nxh5 Re2+ 40. Kd1 Rxg2 41. Nf6+ Kg7 42. Ng4 Rxg4 43. hxg4
Bh3 44. Kd2 Bxg4 45. Ke3 Kf6 46. Kd3 Ke6 47. Kc4 Be2+ 48. Kc5 Bf3 { White
resigns } 0-1

[Event "ICC tourney 2564 (45 10)"]
[Site "Internet Chess Club"]
[Date "2021.05.15"]
[Round "1"]
[White "ZHANG, SUNNY:AboardBuffalo"]
[Black "LANCMAN, KALEB M:kaleblancman"]
[Result "0-1"]
[ICCResult "White resigns"]
[WhiteElo "1623"]
[BlackElo "1836"]
[Opening "Caro-Kann: Steinitz variation"]
[ECO "B17"]
[NIC "CK.08"]
[Time "11:03:10"]
[PlyCount "86"]
[TimeControl "2700+10"]

1. e4 c6 2. d4 d5 3. Nd2 dxe4 4. Nxe4 Nd7 5. Nf3 Ngf6 6. Bd3 Nxe4 7. Bxe4
Nf6 8. Bd3 Bg4 9. Be3 e6 10. h3 Bh5 11. O-O Bd6 12. Be2 O-O 13. Qd2 Qc7 14.
c4 Rfd8 15. Qc2 Bg6 16. Bd3 Bxd3 17. Qxd3 c5 18. Qc2 cxd4 19. Bxd4 Rac8 20.
b3 b5 21. Qb2 bxc4 22. Bxf6 gxf6 23. Qxf6 Qe7 24. Qh6 c3 25. Ng5 f6 26. Ne4
Be5 27. f4 Bd4+ 28. Kh2 c2 29. Rac1 Bb2 30. Nxf6+ Qxf6 31. Qxf6 Bxf6 32.
Rf2 e5 33. f5 e4 34. Rcxc2 Rxc2 35. Rxc2 e3 36. Re2 Bg5 37. Kg3 Rd5 38. h4
Bh6 39. Kg4 Kg7 40. g3 Re5 41. b4 Kf6 42. Kh5 Bf8 43. a3 Kxf5 { White
resigns } 0-1

[Event "ICC tourney 2564 (45 10)"]
[Site "Internet Chess Club"]
[Date "2021.05.15"]
[Round "1"]
[White "ATLURI, PRATHIK:ChessStar22"]
[Black "RODENSTEIN, ALAN:arconsul2"]
[Result "0-1"]
[ICCResult "White checkmated"]
[WhiteElo "1403"]
[BlackElo "1674"]
[Opening "QGD: Cambridge Springs defense"]
[ECO "D52"]
[NIC "QO.15"]
[Time "11:03:12"]
[PlyCount "100"]
[TimeControl "2700+10"]

1. d4 d5 2. c4 c6 3. Nc3 Nf6 4. Nf3 e6 5. Bg5 Nbd7 6. e3 Qa5 7. a3 Ne4 8.
Qc2 Nxg5 9. Nxg5 h6 10. Nf3 Bd6 11. b4 Bxb4 12. Kd2 Nf6 13. Bd3 Bxc3+ 14.
Qxc3 Qxc3+ 15. Kxc3 dxc4 16. Kxc4 b6 17. h3 Nd5 18. Kb3 Bb7 19. Rac1 O-O
20. Rhg1 Rac8 21. Ne5 Rfd8 22. g4 c5 23. dxc5 Rxc5 24. Rxc5 bxc5 25. Rc1 f6
26. Nc4 Nxe3 27. Nxe3 Rxd3+ 28. Rc3 Rxc3+ 29. Kxc3 Bd5 30. f4 Kf7 31. h4 g6
32. f5 gxf5 33. gxf5 h5 34. Nd1 Ke7 35. Nf2 e5 36. Nd1 Kd6 37. Ne3 a5 38.
a4 e4 39. Ng2 Ke5 40. Ne3 Bf7 41. Nc4+ Bxc4 42. Kxc4 Kxf5 43. Kxc5 e3 44.
Kb5 e2 45. Kxa5 e1=Q+ 46. Kb5 Qb1+ 47. Ka5 Ke5 48. Ka6 Kd5 49. Ka7 Kc6 50.
a5 Qb7# { White checkmated } 0-1

[Event "ICC tourney 2564 (45 10)"]
[Site "Internet Chess Club"]
[Date "2021.05.15"]
[Round "1"]
[White "Vieira, Daniel:danthedestroyer"]
[Black "ZILBERMINTZ, LEV:chessrex"]
[Result "0-1"]
[ICCResult "White forfeits on time"]
[WhiteElo "1635"]
[BlackElo "1855"]
[Opening "QP counter-gambit (elephant gambit)"]
[ECO "C40"]
[NIC "KP.10"]
[Time "11:03:11"]
[PlyCount "106"]
[TimeControl "2700+10"]

1. e4 e5 2. Nf3 d5 3. Nxe5 Bd6 4. d4 dxe4 5. Bc4 Bxe5 6. Qh5 Qe7 7. dxe5 g6
8. Qg5 Qxg5 9. Bxg5 Nc6 10. Bb5 Bd7 11. Nc3 Nxe5 12. Bxd7+ Nxd7 13. Nb5 Kf8
14. O-O-O Ngf6 15. Nxc7 Rc8 16. Nd5 Kg7 17. Nxf6 Nxf6 18. Bxf6+ Kxf6 19.
Rd7 Rb8 20. Rhd1 Rhe8 21. Rc7 Re7 22. Rd6+ Re6 23. Rdd7 e3 24. Rxf7+ Kg5
25. fxe3 Rxe3 26. Rxb7 Re1+ 27. Kd2 Rbe8 28. Rf2 Rb1 29. b3 Rd8+ 30. Kc3
Rc8+ 31. Kb4 Rb2 32. Rxa7 h5 33. a4 Rcxc2 34. Rxc2 Rxc2 35. g3 Rxh2 36. a5
Rg2 37. a6 Rxg3 38. Rh7 Rg1 39. Kb5 h4 40. Kb6 Rb1 41. a7 Rxb3+ 42. Kc7 Ra3
43. Kb8 Kg4 44. a8=Q Rxa8+ 45. Kxa8 g5 46. Rc7 h3 47. Rc1 h2 48. Kb7 Kg3
49. Kc6 g4 50. Kd5 Kg2 51. Rc2+ Kh3 52. Rc1 g3 53. Ke4 g2 { White forfeits
on time } 0-1

[Event "ICC tourney 2564 (45 10)"]
[Site "Internet Chess Club"]
[Date "2021.05.15"]
[Round "1"]
[White "HALL, ISABELLA ANN:isabellahall"]
[Black "TREUSDELL, ROSS G:IveDoneEnough"]
[Result "1/2-1/2"]
[ICCResult "Game drawn by mutual agreement"]
[WhiteElo "1528"]
[BlackElo "1727"]
[Opening "Sicilian defense"]
[ECO "B30"]
[NIC "SI.31"]
[Time "11:03:08"]
[PlyCount "117"]
[TimeControl "2700+10"]

1. e4 c5 2. Nf3 Nc6 3. Nc3 d6 4. Bb5 Bd7 5. Bxc6 Bxc6 6. d4 cxd4 7. Qxd4 h6
8. Be3 e6 9. O-O-O Qc7 10. Rhe1 Nf6 11. h3 Be7 12. Nd2 d5 13. exd5 Bxd5 14.
Nxd5 Nxd5 15. Qa4+ Qc6 16. Qxc6+ bxc6 17. Bd4 O-O 18. Nc4 c5 19. Be5 a5 20.
Rd3 Rfd8 21. Red1 a4 22. Rg3 f6 23. Bc3 Nxc3 24. Rxc3 Rd4 25. Nb6 Rad8 26.
Rxd4 Rxd4 27. Rc4 a3 28. bxa3 Rd8 29. a4 Rb8 30. a5 Kf7 31. Kd2 Ke8 32. Rg4
g5 33. Re4 e5 34. h4 Bd8 35. hxg5 hxg5 36. Rc4 Bxb6 37. axb6 Rxb6 38. a4
Ra6 39. Kd3 Kd7 40. Ke4 Ke6 41. Rxc5 Rxa4+ 42. c4 f5+ 43. Kf3 g4+ 44. Ke3
Ra3+ 45. Ke2 f4 46. Rc8 Ra2+ 47. Ke1 Kf5 48. c5 Ke6 49. Rg8 Kf5 50. c6 Rc2
51. Rc8 Ke6 52. c7 Kd6 53. Rg8 Rxc7 54. Rxg4 Rc2 55. f3 Kd5 56. g3 fxg3 57.
Rxg3 Kd4 58. Rg4+ Kd5 59. Re4 { Game drawn by mutual agreement } 1/2-1/2

[Event "ICC tourney 2564 (45 10)"]
[Site "Internet Chess Club"]
[Date "2021.05.15"]
[Round "1"]
[White "CHERUKURI, DEVESH:Deveshc"]
[Black "VALE CRUZ, ARMIN:trucker"]
[Result "0-1"]
[ICCResult "White checkmated"]
[WhiteElo "1517"]
[BlackElo "1709"]
[Opening "Giuoco Piano"]
[ECO "C54"]
[NIC "IG.02"]
[Time "11:03:14"]
[PlyCount "64"]
[TimeControl "2700+10"]

1. e4 e5 2. Nf3 Nc6 3. Bc4 Bc5 4. c3 Nf6 5. d3 d6 6. a4 a5 7. O-O O-O 8. h3
h6 9. Re1 Bb6 10. Bb3 Ne7 11. d4 Ng6 12. Nbd2 c6 13. Nf1 Be6 14. Bc2 Qc8
15. Ng3 Bxh3 16. gxh3 Qxh3 17. Bd3 Rfe8 18. Bf1 Qg4 19. Bg2 Rad8 20. Qe2 d5
21. Nxe5 Nxe5 22. dxe5 Qxg3 23. exf6 Rxe4 24. Qf1 Bxf2+ 25. Qxf2 Rxe1+ 26.
Qf1 Rxf1+ 27. Kxf1 Re8 28. Bd2 Qd3+ 29. Kg1 Qxd2 30. fxg7 Re2 31. Bh1 Qe3+
32. Kf1 Qf2# { White checkmated } 0-1

[Event "ICC tourney 2564 (45 10)"]
[Site "Internet Chess Club"]
[Date "2021.05.15"]
[Round "1"]
[White "RICNESH, RAVIND G N:RickyCarlsen"]
[Black "MISRA, PRAGYAN:SoaringHawk24"]
[Result "1-0"]
[ICCResult "Black checkmated"]
[WhiteElo "1700"]
[BlackElo "1515"]
[Opening "King's Indian defense, 3.Nc3"]
[ECO "E61"]
[NIC "KI.80"]
[Time "11:03:11"]
[PlyCount "115"]
[TimeControl "2700+10"]

1. d4 Nf6 2. c4 g6 3. Nc3 Bg7 4. Bf4 d6 5. Qd2 O-O 6. Bh6 Nc6 7. Bxg7 Kxg7
8. Nf3 e5 9. d5 Ne7 10. e4 Bg4 11. Be2 Bxf3 12. Bxf3 Nc8 13. O-O Nb6 14. b3
Nfd7 15. Ne2 f5 16. exf5 Rxf5 17. Be4 Rf7 18. f4 Nc5 19. Qc2 Nxe4 20. Qxe4
Qe7 21. Rf3 Raf8 22. Raf1 Nd7 23. f5 Nc5 24. Qg4 Rf6 25. Ng3 Kh8 26. Qh4
Kg7 27. fxg6 hxg6 28. Qg5 Ne4 29. Nxe4 Rxf3 30. Qxe7+ R8f7 31. Qxf7+ Rxf7
32. Rxf7+ Kxf7 33. Kf2 Ke7 34. Kg3 c6 35. Kg4 Kd7 36. Kg5 b5 37. Kxg6 bxc4
38. bxc4 cxd5 39. cxd5 Kc7 40. h4 Kb6 41. Nxd6 Kc5 42. Nf5 Kxd5 43. h5 e4
44. h6 Kc4 45. h7 Kd3 46. h8=Q e3 47. Nxe3 Kxe3 48. Qh4 a5 49. Qg4 a4 50.
Qxa4 Kf2 51. Qe4 Kg3 52. Qf3+ Kh2 53. g4 Kg1 54. Qe2 Kh1 55. Kg5 Kg1 56.
Kh4 Kh1 57. Kg3 Kg1 58. Qd1# { Black checkmated } 1-0

[Event "ICC tourney 2564 (45 10)"]
[Site "Internet Chess Club"]
[Date "2021.05.15"]
[Round "1"]
[White "THOMAS, MICHAEL G:chesslin"]
[Black "Gong, Andrew:TheDude865"]
[Result "1-0"]
[ICCResult "Black forfeits on time"]
[WhiteElo "1739"]
[BlackElo "1543"]
[Opening "Queen's pawn: London system"]
[ECO "A45"]
[NIC "QP.07"]
[Time "11:03:10"]
[PlyCount "39"]
[TimeControl "2700+10"]

1. d4 Nf6 2. Bf4 g6 3. Nc3 d5 4. e3 Bg7 5. h4 O-O 6. h5 Nxh5 7. Rxh5 gxh5
8. Qxh5 f5 9. Qh2 Na6 10. Nf3 Rf6 11. O-O-O Kh8 12. Be2 Qg8 13. Rh1 c6 14.
Ne5 Nb8 15. Bg5 Nd7 16. Bxf6 Bxf6 17. f4 Nxe5 18. dxe5 Bg7 19. Bd3 e6 20.
g4 { Black forfeits on time } 1-0

[Event "ICC tourney 2564 (45 10)"]
[Site "Internet Chess Club"]
[Date "2021.05.15"]
[Round "1"]
[White "VATS, ATIKSH:avats"]
[Black "LIN, MICHAEL:loveEdinburgh"]
[Result "1-0"]
[ICCResult "Black checkmated"]
[WhiteElo "1576"]
[BlackElo "1792"]
[Opening "Sicilian: accelerated fianchetto, modern variation with Bc4"]
[ECO "B35"]
[NIC "SI.43"]
[Time "11:03:10"]
[PlyCount "117"]
[TimeControl "2700+10"]

1. e4 c5 2. Nf3 g6 3. d4 cxd4 4. Nxd4 Bg7 5. Nc3 Nc6 6. Be3 Nf6 7. Bc4 Qa5
8. O-O O-O 9. Bb3 a6 10. Qd2 d6 11. Nxc6 bxc6 12. Bh6 Nd7 13. Bxg7 Kxg7 14.
f4 Nc5 15. Rae1 Qb6 16. Kh1 Nxb3 17. axb3 Bb7 18. f5 Rad8 19. Qf4 Qd4 20.
Rd1 Qe5 21. Qxe5+ dxe5 22. fxg6 hxg6 23. Kg1 e6 24. Na4 f5 25. Nc5 Bc8 26.
b4 Kf6 27. c3 g5 28. h3 Ke7 29. Rfe1 Rxd1 30. Rxd1 Rd8 31. Rxd8 Kxd8 32.
Kf2 f4 33. Kf3 Ke7 34. Kg4 Kf6 35. b3 Kg6 36. Nd3 Kf6 37. Kf3 Bd7 38. Nf2
Ke7 39. Nd3 Kf6 40. Nc5 Bc8 41. Kg4 Kg6 42. Nd3 Kf6 43. Kh5 Bd7 44. Nc5
Be8+ 45. Kh6 Bg6 46. Nd7+ Ke7 47. Kxg6 Kxd7 48. Kxg5 Ke7 49. h4 Kf7 50. h5
Kg7 51. h6+ Kh7 52. c4 Kg8 53. Kg6 Kh8 54. h7 f3 55. gxf3 c5 56. bxc5 a5
57. c6 a4 58. c7 axb3 59. c8=Q# { Black checkmated } 1-0

[Event "ICC tourney 2564 (45 10)"]
[Site "Internet Chess Club"]
[Date "2021.05.15"]
[Round "1"]
[White "CHEN, HENRY:Bluebird1222"]
[Black "LIAO, CONNOR:che2468"]
[Result "1-0"]
[ICCResult "Black resigns"]
[WhiteElo "1683"]
[BlackElo "1423"]
[Opening "Sicilian: Richter-Rauzer, 6...e6"]
[ECO "B62"]
[NIC "SI.27"]
[Time "11:03:08"]
[PlyCount "99"]
[TimeControl "2700+10"]

1. e4 c5 2. Nf3 d6 3. d4 cxd4 4. Nxd4 Nf6 5. Nc3 Nc6 6. Bg5 e6 7. Bc4 Be7
8. O-O O-O 9. Ndb5 a6 10. Bxf6 Bxf6 11. Nxd6 Nd4 12. Nxc8 Rxc8 13. Bd3 Qb6
14. Rb1 Rfd8 15. Qe1 Qc5 16. a3 Be5 17. Kh1 Bf4 18. Ne2 Bg5 19. Nxd4 Qxd4
20. f4 Be7 21. e5 Bc5 22. Qe4 Qxe4 23. Bxe4 Rc7 24. Rbd1 Rxd1 25. Rxd1 b6
26. c3 g6 27. g4 Be3 28. f5 exf5 29. gxf5 a5 30. f6 h5 31. Kg2 Bf4 32. Rd5
Rc5 33. Rd8+ Kh7 34. e6 fxe6 35. f7 Bh6 36. f8=Q Bxf8 37. Rxf8 Re5 38. Bc2
Re2+ 39. Rf2 Re5 40. Kf3 Kh6 41. Rg2 g5 42. h4 g4+ 43. Kf2 Rd5 44. Ke3 Rc5
45. Rf2 Kg7 46. Be4 Rb5 47. b4 axb4 48. axb4 Re5 49. Kd4 Rb5 50. Bc6 {
Black resigns } 1-0

[Event "ICC tourney 2564 (45 10)"]
[Site "Internet Chess Club"]
[Date "2021.05.15"]
[Round "1"]
[White "THAIN, JACK:jt1819"]
[Black "SRIRAM, SHRAVAN:chickenlord999"]
[Result "1-0"]
[ICCResult "Black checkmated"]
[WhiteElo "1712"]
[BlackElo "1522"]
[Opening "French: Winawer, advance, Bogolyubov variation"]
[ECO "C17"]
[NIC "FR.10"]
[Time "11:03:08"]
[PlyCount "141"]
[TimeControl "2700+10"]

1. e4 e6 2. d4 d5 3. Nc3 Bb4 4. e5 c5 5. Bd2 cxd4 6. Nb5 Be7 7. f4 Nc6 8.
Nf3 Bc5 9. a3 a6 10. b4 axb5 11. bxc5 Qe7 12. Bb4 Nxb4 13. axb4 Rxa1 14.
Qxa1 Qd7 15. Nxd4 Ne7 16. Bxb5 Nc6 17. Qa4 O-O 18. Bxc6 bxc6 19. Qxc6 Qxc6
20. Nxc6 Ba6 21. Kd2 h6 22. Ra1 Bb5 23. Nd4 Bc4 24. b5 Rc8 25. c6 Bxb5 26.
Nxb5 Rxc6 27. Nd4 Rc4 28. Kd3 Kh7 29. g3 Kg6 30. g4 h5 31. gxh5+ Kxh5 32.
Rg1 g6 33. c3 Kh4 34. Rg3 Kh5 35. Rg2 Kh4 36. Rg3 Kh5 37. Ne2 Re4 38. Re3
Rc4 39. Rh3+ Kg4 40. Rh7 Rc7 41. Nd4 Re7 42. Ke3 Rc7 43. Ne2 Kf5 44. h3 g5
45. Rh5 f6 46. exf6 Kxf6 47. fxg5+ Kg6 48. Nf4+ Kf5 49. g6+ Kf6 50. Kd3 Rc4
51. Rh4 Kg7 52. Nxe6+ Kf6 53. Rxc4 dxc4+ 54. Kxc4 Kxe6 55. Kb5 Kf6 56. c4
Kxg6 57. Kb6 Kf7 58. c5 Ke8 59. Kb7 Kd8 60. c6 Ke7 61. c7 Kd6 62. c8=Q Ke5
63. Qg4 Kf6 64. h4 Kf7 65. h5 Kf6 66. Kc6 Ke7 67. Qg6 Kf8 68. Qh7 Ke8 69.
Kd6 Kf8 70. Ke6 Ke8 71. Qg8# { Black checkmated } 1-0

[Event "ICC tourney 2564 (45 10)"]
[Site "Internet Chess Club"]
[Date "2021.05.15"]
[Round "1"]
[White "AYYAPPAN, SANTHOSH:SanthoshA"]
[Black "OPASKA, MICHAEL:mopaska1106"]
[Result "0-1"]
[ICCResult "White resigns"]
[WhiteElo "1652"]
[BlackElo "1871"]
[Opening "Sicilian defense"]
[ECO "B44"]
[NIC "SI.39"]
[Time "11:03:23"]
[PlyCount "126"]
[TimeControl "2700+10"]

1. e4 c5 2. Nf3 e6 3. d4 cxd4 4. Nxd4 Nc6 5. Be3 Qc7 6. Nd2 a6 7. c3 Nge7
8. Be2 Ng6 9. O-O Bd6 10. h3 O-O 11. Nc4 Bf4 12. Rc1 b5 13. Bxf4 Nxf4 14.
Nd2 Bb7 15. f3 Rad8 16. N2b3 d5 17. exd5 Nxd5 18. Qe1 Ne3 19. Rf2 Nc4 20.
Bxc4 bxc4 21. Nxc6 Bxc6 22. Nd4 Bd5 23. Rd2 e5 24. Nf5 Be6 25. Ne3 Rxd2 26.
Qxd2 Rd8 27. Qf2 f6 28. Rd1 Rxd1+ 29. Nxd1 Kf7 30. Qc2 g6 31. Qd2 Qd7 32.
Qxd7+ Bxd7 33. Ne3 Be6 34. Kf2 h5 35. Nc2 a5 36. Ke3 f5 37. Na3 Ke7 38. Nb1
Kd6 39. Nd2 a4 40. a3 f4+ 41. Ke2 Bd5 42. Kf2 Ke6 43. Ke2 Kf5 44. Kf2 g5
45. g4+ fxg3+ 46. Kxg3 h4+ 47. Kg2 Kf4 48. Kf2 Be6 49. Ke2 Bf7 50. Nf1 Bh5
51. Nd2 e4 52. Nxc4 Kg3 53. Nd2 exf3+ 54. Kf1 Bg6 55. c4 Bd3+ 56. Kg1 f2+
57. Kh1 f1=Q+ 58. Nxf1+ Bxf1 59. c5 Bxh3 60. Kg1 Bg2 61. c6 Bxc6 62. Kf1 h3
63. Kg1 h2+ { White resigns } 0-1

[Event "ICC tourney 2564 (45 10)"]
[Site "Internet Chess Club"]
[Date "2021.05.15"]
[Round "1"]
[White "Walsh, Tim R:Telos53"]
[Black "JENSON, CHRIS:Gallifreyan"]
[Result "1-0"]
[ICCResult "Black resigns"]
[WhiteElo "1839"]
[BlackElo "1628"]
[Opening "Pirc defense"]
[ECO "B07"]
[NIC "PU.08"]
[Time "11:03:20"]
[PlyCount "115"]
[TimeControl "2700+10"]

1. d4 d6 2. e4 Nf6 3. Nc3 e5 4. dxe5 dxe5 5. Qxd8+ Kxd8 6. Bg5 Be6 7.
O-O-O+ Nd7 8. Nf3 Kc8 9. Bd3 c6 10. h3 Bb4 11. Bd2 h6 12. a3 Ba5 13. Rhf1
g5 14. g4 b5 15. Ne2 Bxd2+ 16. Rxd2 a5 17. Ng3 Kc7 18. Rfd1 a4 19. c3 Ne8
20. Nf5 Bxf5 21. gxf5 Nef6 22. c4 Rac8 23. Kb1 Kb6 24. Bc2 Nc5 25. cxb5
Ncxe4 26. Bxe4 Nxe4 27. Re2 Nc5 28. bxc6 f6 29. Nd2 Rhd8 30. Nc4+ Kxc6 31.
Red2 Rxd2 32. Rxd2 Ne4 33. Rc2 Re8 34. Nxe5+ Kb6 35. Nd7+ Kb5 36. f3 Rd8
37. fxe4 Rxd7 38. Rc3 Re7 39. Re3 Re5 40. Kc2 Kc4 41. b3+ axb3+ 42. Rxb3 h5
43. Rb4+ Kc5 44. Kd3 Re8 45. Rc4+ Kb5 46. Rb4+ Kc5 47. Ra4 Rd8+ 48. Ke3 Rb8
49. Ra5+ Kc4 50. e5 fxe5 51. Rxe5 Rb3+ 52. Ke4 Rxa3 53. f6 Ra8 54. Kf5 Rf8
55. Kxg5 Kd4 56. Re7 h4 57. f7 Kd5 58. Kf6 { Black resigns } 1-0

[Event "ICC tourney 2564 (45 10)"]
[Site "Internet Chess Club"]
[Date "2021.05.15"]
[Round "1"]
[White "PREGON, JOSEPH JEFFERY:Fischeresque930"]
[Black "GONG, JONATHAN YICHENG:Theutltl"]
[Result "1/2-1/2"]
[ICCResult "Game drawn by repetition"]
[WhiteElo "1785"]
[BlackElo "1562"]
[Opening "English: Carls' Bremen system"]
[ECO "A22"]
[NIC "EO.10"]
[Time "11:03:17"]
[PlyCount "236"]
[TimeControl "2700+10"]

1. c4 Nf6 2. Nc3 e5 3. g3 Bc5 4. e3 c6 5. d4 exd4 6. exd4 Bb4 7. Ne2 d5 8.
Qb3 Bxc3+ 9. Qxc3 O-O 10. Bg2 Re8 11. h3 Qe7 12. Be3 Ne4 13. Bxe4 Qxe4 14.
O-O-O Bf5 15. g4 Bg6 16. Kd2 Nd7 17. Ng3 Qe6 18. b3 Nf6 19. Kc1 dxc4 20.
bxc4 b5 21. g5 Ne4 22. Nxe4 Qxe4 23. Kb2 bxc4 24. Qxc4 Rab8+ 25. Ka1 Rb5
26. a4 Rb7 27. Rhe1 Reb8 28. Bd2 Rb1+ 29. Ka2 R8b2+ 30. Ka3 Rb3+ 31. Qxb3
Rxb3+ 32. Kxb3 Qd5+ 33. Ka3 f6 34. Bf4 Bc2 35. Rb1 Bxb1 36. Rxb1 fxg5 37.
Rb8+ Kf7 38. Rb7+ Kg6 39. Be5 Qf3+ 40. Kb2 Qxf2+ 41. Kc3 Qf3+ 42. Kc4 Qxh3
43. Rxg7+ Kh6 44. Rxa7 Qe6+ 45. Kc5 Qd5+ 46. Kb6 g4 47. Rc7 Qb3+ 48. Ka5
Qc3+ 49. Kb6 Qb3+ 50. Ka5 Qc3+ 51. Kb6 Qb3+ 52. Ka5 g3 53. Rxc6+ Kg5 54.
Rc7 Kf5 55. Rxh7 g2 56. Rg7 Qc3+ 57. Kb5 Qd3+ 58. Kc5 Qc2+ 59. Kd5 Qe4+ 60.
Kd6 Qc2 61. a5 Ke4 62. a6 Qa2 63. a7 Qa6+ 64. Kc5 Qxa7+ 65. Rxa7 g1=Q 66.
Rg7 Qc1+ 67. Kd6 Qa3+ 68. Ke6 Qa6+ 69. Kf7 Qc4+ 70. Kf6 Qc6+ 71. Kg5 Qc1+
72. Kg6 Qg1+ 73. Kf7 Qf2+ 74. Ke6 Qf5+ 75. Kd6 Qf8+ 76. Ke6 Qc8+ 77. Kf7
Qd7+ 78. Kg6 Qf5+ 79. Kh6 Qh3+ 80. Kg6 Qf5+ 81. Kh6 Qh3+ 82. Kg5 Qf5+ 83.
Kh4 Qf2+ 84. Kh3 Qf1+ 85. Kh2 Qf2+ 86. Kh3 Qf1+ 87. Kh4 Qh1+ 88. Kg5 Qg2+
89. Kf6 Qf3+ 90. Ke6 Qf5+ 91. Kd6 Qf8+ 92. Re7 Qd8+ 93. Ke6 Qg8+ 94. Kd7
Qd5+ 95. Ke8 Qg8+ 96. Kd7 Qd5+ 97. Kc7 Qa5+ 98. Kd7 Qb5+ 99. Ke6 Qc4+ 100.
Kf6 Qf1+ 101. Kg7 Qg2+ 102. Kf8 Qf1+ 103. Rf7 Qc4 104. Bf6 Qc8+ 105. Kg7
Qg4+ 106. Kf8 Qc8+ 107. Kg7 Qg4+ 108. Kh7 Qh5+ 109. Kg7 Qg4+ 110. Kh7 Qh5+
111. Kg8 Qg6+ 112. Bg7 Qe6 113. Kf8 Qc8+ 114. Ke7 Qc7+ 115. Ke6 Qc6+ 116.
Ke7 Qc7+ 117. Ke6 Qc6+ 118. Ke7 Qc7+ { Game drawn by repetition } 1/2-1/2